General information
- name: BNet
- type: Ladder 1vs1/FFA
- host: Battle.net
- saver: FortMillEER
map: PhantomGrove
- players: 2
- length: 19:58
- speed: Fast
- version: 1.21 W3XP
- replay type: Public
» download(47 KB)
Players
team 1 (loser)
brachialwarrior (
purple | 34 APM | 670 actions | 19:56)
4 Paladin
2 Devotion Aura
2 Divine Shield
» actions
| Basic commands | 11 | |
| Build / train | 69 | |
| Enter build submenu | 18 | |
| Enter hero's abilities submenu | 4 | |
| Right click | 226 | |
| Select / deselect | 301 | |
| Use ability | 41 | |
670 total
» units
| Peasant | 31 | |
| Footman | 24 | |
| Rifleman | 6 | |
61 total
» upgrades
» buildings
| Barracks | 2 | |
| Altar of Kings | 1 | |
| Farm | 9 | |
| Blacksmith | 1 | |
| Lumber Mill | 1 | |
| Scout Tower | 1 | |
| Town Hall | 1 | |
16 total
» build order
00:09 Barracks
00:12 Altar of Kings
00:18 Farm
01:04 Farm
01:46 Farm
02:26 Farm
02:56 Blacksmith
03:13 Farm
03:52 Farm
04:37 Farm
04:56 Lumber Mill
05:15 Farm
06:06 Scout Tower
13:45 Town Hall
17:43 Barracks
18:39 Farm
team 2 (winner)
FortMillEER (
orange | 32 APM | 632 actions | 19:58)
4 Far Seer
2 Feral Spirit
2 Chain Lighting
3 Shadow Hunter
2 Healing Wave
1 Hex
» actions
| Assign group hotkey | 25 | |
| Build / train | 38 | |
| Enter build submenu | 20 | |
| Enter hero's abilities submenu | 7 | |
| Right click | 214 | |
| Select / deselect | 240 | |
| Select group hotkey | 28 | |
| Use ability | 60 | |
632 total
» units
» upgrades
| Armor | 1 | |
| Berserker Strength | 1 | |
2 total
» buildings
| Altar of Storms | 1 | |
| Orc Burrow | 4 | |
| Barracks | 2 | |
| Stronghold | 1 | |
| War Mill | 1 | |
| Voodoo Lounge | 1 | |
| Watch Tower | 11 | |
21 total
» build order
00:05 Altar of Storms
00:25 Orc Burrow
00:41 Barracks
01:39 Orc Burrow
02:55 Stronghold
03:15 War Mill
03:29 Voodoo Lounge
04:52 Orc Burrow
05:24 Barracks
06:33 Watch Tower
07:43 Watch Tower
08:58 Watch Tower
09:08 Watch Tower
09:21 Watch Tower
10:30 Watch Tower
10:57 Watch Tower
11:36 Watch Tower
13:24 Watch Tower
13:51 Watch Tower
15:36 Watch Tower
15:56 Orc Burrow
» items
Chat log
(00:25 / All) brachialwarrior: hello
(00:30 / All) FortMillEER: hey gl hf
(17:04 / All) brachialwarrior: lolz aww
(19:18 / All) brachialwarrior: lolz
(19:22 / All) brachialwarrior: not my other town too lolz
(19:26 / All) FortMillEER: lol
(19:36 / All) brachialwarrior: woot i even built a farm lolz
(19:47 / All) brachialwarrior: gg
(19:50 / All) FortMillEER: gg